 Dungeon Crawl Stone Soup version 0.20-a0-1078-g4874019 (webtiles) character file.

3844 Dirtsage the Carver (level 9, -1/71 HPs)
             Began as a Demonspawn Fighter on Apr 30, 2017.
             Was a Follower of Ru.
             Killed from afar by an electric eel (9 damage)
             ... with a bolt of electricity
             ... on level 8 of the Dungeon.
             The game lasted 00:24:44 (7848 turns).

Dirtsage the Carver (Demonspawn Fighter)            Turns: 7848, Time: 00:24:45

Health: -1/71      AC:  8    Str: 19    XL:     9   Next: 98%
Magic:  9/9        EV:  9    Int: 10    God:    Ru [*.....]
Gold:   422        SH: 11    Dex: 13    Spells: 0/8 levels left

rFire    . . .     SeeInvis .   a - +1 long sword
rCold    + . .     Gourm    .   c - +1 shield
rNeg     + . .     Faith    .   I - +1 ring mail {rC+}
rPois    +         Spirit   .   v - +0 helmet
rElec    .         Reflect  .   (no cloak)
rCorr    .         Harm     .   (no gloves)
MR       .....                  (no boots)
Stlth    +.........             (no amulet)
Regen    0.3/turn               g - ring of positive energy {rN+}
MPRegen  0.2/turn               p - ring of poison resistance {rPois, !d}

@: no status effects
A: talons 1, powered by death 2, no charms magic, no poison magic, no
transmutations magic, sturdy frame 1
a: Renounce Religion


You were on level 8 of the Dungeon.
You worshipped Ru.
Ru was aware of your devotion.
You were not hungry.

You visited 2 branches of the dungeon, and saw 9 of its levels.

You collected 422 gold pieces.

Inventory:

Hand Weapons
 a - a +1 long sword (weapon)
 w - a +2 dagger of electrocution
   (You took it off an orc on level 2 of the Dungeon)
Missiles
 G - a throwing net {=f, !d}
Armour
 c - a +1 shield (worn)
 v - a +0 helmet (worn)
   (You took it off Robin on level 3 of the Dungeon)
 I - a +1 ring mail of cold resistance (worn)
   (You took it off Ijyb on level 5 of the Dungeon)
Jewellery
 d - an uncursed ring of ice {rC+, rF-}
   (You found it on level 8 of the Dungeon)
 g - a ring of positive energy (left hand) {rN+}
   (You found it on level 1 of the Dungeon)
 p - a ring of poison resistance (right hand) {rPois, !d}
   (You found it on level 1 of the Dungeon)
Wands
 q - a wand of iceblast (2/15)
   (You found it on level 5 of the Dungeon)
Scrolls
 h - a scroll of fog
 i - a scroll of enchant weapon
 n - a scroll of enchant armour
 s - 2 scrolls of teleportation
 u - a scroll of random uselessness {unknown}
 C - 3 scrolls of remove curse
 D - a scroll of immolation {unknown}
 F - 4 scrolls of recharging {unknown}
 H - a scroll of noise {unknown}
 M - a scroll of magic mapping {unknown}
Potions
 b - 2 potions of agility {unknown}
 e - a potion of magic
 o - 3 potions of curing
 r - a potion of lignification {!q}
 x - a potion of berserk rage {unknown}
 A - 2 potions of flight
 B - 2 potions of haste
 L - a potion of cancellation {unknown}
 O - a potion of resistance {unknown}
Books
 t - a book of Misfortune
   (You found it on level 2 of the Dungeon)
 z - a book of Necromancy
   (You found it on level 3 of the Dungeon)
 N - a book of Air
   (You found it on level 7 of the Dungeon)
Comestibles
 f - 7 bread rations {@e1}
 j - 5 royal jellies
 m - 7 meat rations {@e2}


   Skills:
 + Level 6.7 Fighting
 * Level 9.0 Long Blades
 + Level 6.1 Armour
 + Level 5.9 Shields
 - Level 3.0 Necromancy


You couldn't memorise any spells.
You knew the following spells:

 Your Spells              Type           Power        Failure   Level  Hunger
a - Animate Dead          Necr           N/A          99%         4    #####..
r - Regeneration          Chrm/Necr      #.........   94%         3    ####...
A - Animate Skeleton      Necr           N/A          41%         1    ##.....


Dungeon Overview and Level Annotations

Branches:
Dungeon (8/15)             Temple (1/1) D:4
   Lair: D:8-11

Altars:
Ashenzari
Cheibriados
Dithmenos
Elyvilon
Hepliaklqana
Kikubaaqudgha
Makhleb
Nemelex Xobeh
Okawaru
Qazlal
Ru
Sif Muna
Trog
Uskayaw
Vehumet
Wu Jian
Xom
Zin
The Shining One


Innate Abilities, Weirdness & Mutations

You have sharp toenails.
You regenerate health from kills.
You cannot study or cast Charms magic.
You cannot study or cast Poison magic.
You cannot study or cast Transmutations magic.
Your movements are slightly less encumbered by armour. (ER -2)


Message History

You regained 2 hp, and now have 65/71 hp.
An electric eel comes into view.
Health restored: 71 You hit the plant but do no damage.
You claw the plant, but do no damage.
The electric eel shoots out a bolt of lightning at you!
The bolt of electricity hits you!
You take 8 damage, and have 63/71 hp.
The electric eel shoots out a bolt of lightning at you!
The bolt of electricity hits you!
You take 9 damage, and have 54/71 hp.
You enter the shallow water.
Moving in this stuff is going to be slow.
What are your orders? t - Shout!
Orders for allies: a - Attack new target. r - Retreat! s - Stop attacking. g - Guard the area. f - Follow me.
Anything else - Cancel.
You shout for attention!
The electric eel shoots out a bolt of lightning at you!
The bolt of electricity hits you!
You take 3 damage, and have 55/71 hp.
You enter the shallow water.
Moving in this stuff is going to be slow.
The electric eel shoots out a bolt of lightning at you!
The bolt of electricity hits you!
You take 4 damage, and have 54/71 hp.
You barely miss the electric eel. You hit the electric eel.
Your kick misses the electric eel. You hit the electric eel.
Your kick misses the electric eel. You barely miss the electric eel.
You claw the electric eel, but do no damage.
The electric eel begins to attack, but is stunned by your will!
You miss the electric eel. Your kick misses the electric eel.
The electric eel shoots out a bolt of lightning at you!
The bolt of electricity hits you!
You take 9 damage, and have 46/71 hp.
You closely miss the electric eel.
The electric eel shoots out a bolt of lightning at you!
The bolt of electricity misses you.
You slash the electric eel! You hit the electric eel.
The electric eel shoots out a bolt of lightning at you!
The bolt of electricity hits you!
You take 3 damage, and have 43/71 hp.
You miss the electric eel. Your kick misses the electric eel.
The electric eel shoots out a bolt of lightning at you!
The bolt of electricity hits you!
You take 8 damage, and have 35/71 hp.
You hit the electric eel.
You kill the electric eel!
You regained 2 hp, and now have 37/71 hp.
You enter the shallow water.
Moving in this stuff is going to be slow.
You regained 4 hp, and now have 41/71 hp.
You regained 2 hp, and now have 43/71 hp.
What are your orders? t - Shout!
Orders for allies: a - Attack new target. r - Retreat! s - Stop attacking. g - Guard the area. f - Follow me.
Anything else - Cancel.
Okay, then.
You start resting.
Health restored: 71 An electric eel comes into view.
Wear which item (? for menu, Esc to quit)
Okay, then.
The electric eel shoots out a bolt of lightning at you!
The bolt of electricity hits the plant.
The bolt of electricity hits you!
You take 9 damage, and have 62/71 hp.
The electric eel shoots out a bolt of lightning at you!
The bolt of electricity hits you!
You take 7 damage, and have 56/71 hp.
The electric eel shoots out a bolt of lightning at you!
The bolt of electricity hits you!
You take 10 damage, and have 46/71 hp.
The electric eel shoots out a bolt of lightning at you!
The bolt of electricity hits you!
You take 10 damage, and have 36/71 hp.
The electric eel shoots out a bolt of lightning at you!
The bolt of electricity hits you!
The bolt of electricity hits the plant.
You take 3 damage, and have 33/71 hp.
Your shield prevents you from hitting the electric eel.
Your kick misses the electric eel.
The electric eel shoots out a bolt of lightning at you!
The bolt of electricity hits you!
The bolt of electricity hits the plant.
You take 7 damage, and have 26/71 hp.
You slash the electric eel!
The electric eel shoots out a bolt of lightning at you!
The bolt of electricity hits you!
* * * LOW HITPOINT WARNING * * *
The bolt of electricity hits the plant.
You take 18 damage, and have 8/71 hp.
MASSIVE DAMAGE!!
Okay, then.
You closely miss the electric eel. Your kick misses the electric eel.
The electric eel shoots out a bolt of lightning at you!
The bolt of electricity hits you!
You die...

..####.♣≈≈≈≈≈P≈≈.
...##..#♣≈≈≈P≈≈≈.P≈≈♣♣
.#.##..##♣≈≈≈≈≈≈.P≈P≈♣
.#....## P≈≈≈≈≈.≈PP≈♣♣
####..###♣♣♣♣≈≈≈.≈≈≈≈≈♣
###.......≈♣♣P≈P.≈≈≈≈≈♣♣♣
...........♣ ♣≈≈.≈≈≈≈≈≈P♣
###.O###...♣ ♣≈≈.;≈≈≈≈≈≈♣
.....# #.<≈♣♣♣≈≈@≈≈≈≈≈≈P≈
.♣P♣≈♣##.♣♣♣♣≈≈≈.≈≈≈≈≈≈≈≈
♣P≈≈≈≈♣≈≈≈P≈P≈≈≈.≈≈≈≈≈≈♣
≈≈≈≈≈≈P≈≈≈≈≈≈P≈≈.≈≈≈≈≈♣#
≈≈≈P≈≈≈≈≈≈≈≈≈≈≈≈.≈≈≈≈≈#
..................P≈≈##
≈≈≈≈P≈P≈≈≈≈≈≈≈≈♣..♣♣##
≈P≈≈≈♣♣♣♣≈≈≈≈♣P...#
≈≈≈≈≈≈♣♣♣≈♣♣♣≈..###


You could see an electric eel.

Vanquished Creatures
  The ghost of kuniqs the Skirmisher, a novice DsFi of Okawaru (D:8)
  A hippogriff (D:8)
  A spriggan (D:7)
  Sigmund (D:4)
  Edmund (D:4)
  A hornet zombie (D:5)
  2 phantoms
  3 ice beasts
  2 ogres
  A centaur (D:7)
  A crocodile (D:8)
  A big kobold (D:7)
  6 bullfrogs
  Blork the orc (D:5)
  A scorpion (D:5)
  5 killer bees
  2 electric eels (D:8)
  3 crimson imps
  3 hounds (D:5)
  A bullfrog zombie (D:6)
  An orc priest (D:7)
  7 orc wizards
  2 iguanas
  Ijyb (D:5)
  4 worker ants
  A hound skeleton (D:4)
  A worker ant zombie (D:5)
  Robin (D:3)
  10 gnolls
  7 adders
  2 oozes
  An adder zombie (D:5)
  2 adder skeletons
  3 worms
  A dart slug (D:2)
  3 leopard geckos
  33 orcs
  4 giant cockroaches
  14 goblins
  9 hobgoblins
  10 jackals
  A quokka (D:2)
  2 ball pythons
  6 bats
  5 frilled lizards
  11 kobolds
  A leopard gecko skeleton (D:4)
  A quokka skeleton (D:7)
  4 rats
186 creatures vanquished.

Vanquished Creatures (others)
  A plant (D:8)
1 creature vanquished.

Grand Total: 187 creatures vanquished

Notes
Turn   | Place    | Note
-------+----------+-------------------------------------------
     0 | D:1      | Dirtsage the Demonspawn Fighter began the quest for the Orb.
     0 | D:1      | Reached XP level 1. HP: 18/18 MP: 1/1
    62 | D:1      | Reached skill level 2 in Long Blades
   211 | D:1      | Gained mutation: You regenerate a little health from kills. [demonic ancestry]
   211 | D:1      | Reached XP level 2. HP: 19/24 MP: 2/2
   456 | D:1      | Found a glowing golden altar of the Shining One.
   768 | D:1      | Reached skill level 3 in Long Blades
   965 | D:2      | Reached XP level 3. HP: 29/29 MP: 3/3
  1548 | D:2      | Reached XP level 4. HP: 16/35 MP: 4/4
  1608 | D:2      | Reached skill level 4 in Long Blades
  2231 | D:3      | Gained mutation: Your movements are slightly less encumbered by armour. (ER -2) [demonic ancestry]
  2231 | D:3      | Reached XP level 5. HP: 41/41 MP: 5/5
  2481 | D:3      | Reached skill level 3 in Shields
  2522 | D:3      | Reached skill level 3 in Armour
  2561 | D:3      | Learned a level 3 spell: Regeneration
  2678 | D:3      | Reached skill level 5 in Long Blades
  2678 | D:3      | Gained mutation: You regenerate health from kills. [demonic ancestry]
  2678 | D:3      | Reached XP level 6. HP: 47/47 MP: 6/6
  2754 | D:3      | Found a shadowy altar of Dithmenos.
  2953 | D:4      | Noticed Robin
  2973 | D:3      | Killed Robin
  3326 | D:4      | Found a staircase to the Ecumenical Temple.
  3476 | D:4      | Noticed Edmund
  3484 | D:4      | Killed Edmund
  3484 | D:4      | Reached skill level 4 in Fighting
  3484 | D:4      | Reached XP level 7. HP: 25/54 MP: 7/7
  3496 | D:4      | Noticed Sigmund
  3503 | D:4      | Killed Sigmund
  3598 | D:5      | Entered Level 5 of the Dungeon
  3645 | D:5      | HP: 12/54 [hornet zombie (3)]
  3652 | D:5      | Reached skill level 6 in Long Blades
  3652 | D:5      | Reached skill level 4 in Armour
  3652 | D:5      | Reached skill level 4 in Shields
  3896 | D:5      | Reached XP level 8. HP: 61/61 MP: 8/8
  4108 | D:5      | Noticed Blork the orc
  4116 | D:5      | Killed Blork the orc
  4305 | D:5      | Found a shattered altar of Ashenzari.
  4316 | D:5      | Noticed Ijyb
  4322 | D:5      | Killed Ijyb
  4428 | Temple   | Entered the Ecumenical Temple
  4534 | Temple   | Became a worshipper of Ru the Awakened
  4662 | D:6      | Reached skill level 5 in Fighting
  4716 | D:6      | HP: 14/62 [ogre/giant club (28)]
  4718 | D:6      | Reached skill level 7 in Long Blades
  4843 | D:6      | Reached skill level 1 in Necromancy
  4905 | D:6      | Learned a level 1 spell: Animate Skeleton
  5027 | D:6      | Reached skill level 2 in Necromancy
  5112 | D:6      | Found a stormy altar of Qazlal.
  5185 | D:6      | Found a shattered altar of Ashenzari.
  5629 | D:7      | Reached skill level 5 in Shields
  5692 | D:7      | Found a bloodstained altar of Trog.
  5811 | D:7      | Gained mutation: You cannot study or cast Poison magic. [Ru sacrifice]
  5811 | D:7      | Gained mutation: You cannot study or cast Transmutations magic. [Ru sacrifice]
  5811 | D:7      | Gained mutation: You cannot study or cast Charms magic. [Ru sacrifice]
  5811 | D:7      | Reached * piety under Ru
  5824 | D:7      | Gained mutation: You have sharp toenails. [demonic ancestry]
  5824 | D:7      | Reached XP level 9. HP: 59/68 MP: 9/9
  5971 | D:7      | Reached skill level 5 in Armour
  6187 | D:7      | Learned a level 4 spell: Animate Dead
  6201 | D:7      | Found a shimmering altar of Xom.
  6381 | D:7      | Found a burning altar of Makhleb.
  6449 | D:7      | Reached skill level 8 in Long Blades
  6449 | D:7      | Reached skill level 3 in Necromancy
  6548 | D:8      | Noticed kuniqs's ghost (novice DsFi)
  6783 | D:8      | HP: 15/69 [hippogriff (5)]
  6784 | D:8      | Reached skill level 6 in Fighting
  6892 | D:7      | HP: 14/69 [killer bee (6)]
  6902 | D:7      | HP: 15/69 [killer bee (5)]
  6908 | D:7      | HP: 13/69 [poisoned by a killer bee]
  6915 | D:7      | HP: 13/69 [poisoned by a killer bee]
  6922 | D:7      | HP: 12/69 [poisoned by a killer bee]
  6930 | D:7      | HP: 12/69 [poisoned by a killer bee]
  7258 | D:8      | Killed kuniqs's ghost
  7485 | D:8      | Found a hazy altar of Hepliaklqana.
  7494 | D:8      | Reached skill level 6 in Armour
  7573 | D:8      | Reached skill level 9 in Long Blades
  7847 | D:8      | HP: 8/71 [electric eel/bolt of electricity (18)]
  7848 | D:8      | Killed from afar by an electric eel

Vault maps used:
D:1:      sevenhm_arrival_forest_fort_small_6, tso_metal_star
D:2:      minmay_tall_x
D:3:      lemuel_coloured_pillars_altar, moated_statue
D:4:      minmay_temple_entry_from_below_a, first_bread,
          sigmund_edmund_badplayer, uniq_robin
D:5:      evilmike_ruin_ashenzari, uniq_ijyb, uniq_blork_the_orc
D:6:      basic_altar, grunt_qazlal_sundering
D:7:      kennysheep_mini_moat, bloody_makhleb, hangedman_decor_lopped,
          the_bakery, bloody_trog
D:8:      old_standard_altar, serial_bayou_lagoon_b
Temple:   dpeg_five_rooms_temple

Skill      XL: |  1  2  3  4  5  6  7  8  9 |
---------------+----------------------------+-----
Long Blades    | 2 3 4 5 6 7 9 |  9.0
Shields        | 3 4 5 |  5.9
Armour         | 3 4 6 |  6.1
Fighting       | 4 5 6 |  6.7
Necromancy     | 2 3 |  3.0

Action                   |  1- 3 |  4- 6 |  7- 9 || total
-------------------------+-------+-------+-------++-------
Melee: Long sword        |    99 |    16 |    93 ||   208
       Dagger            |       |   198 |   376 ||   574
       Kick              |       |       |    54 ||    54
Invok: Sacrifice Arcana  |       |       |     1 ||     1
Evoke: Wand              |       |       |     2 ||     2
  Use: Scroll            |       |     6 |     3 ||     9
       Potion            |       |     1 |     6 ||     7
  Eat: Chunk             |     2 |     6 |    11 ||    19
       Bread ration      |       |       |     1 ||     1
Armor: Scale mail        |    42 |    54 |    66 ||   162
       Ring mail         |       |       |    61 ||    61
Dodge: Dodged            |    22 |    49 |   103 ||   174
Block: Shield            |    53 |    91 |   210 ||   354
       Rpst.: Long sword |     9 |     2 |     8 ||    19

Vault maps used:
D:1:      sevenhm_arrival_forest_fort_small_6, tso_metal_star
D:2:      minmay_tall_x
D:3:      lemuel_coloured_pillars_altar, moated_statue
D:4:      minmay_temple_entry_from_below_a, first_bread,
          sigmund_edmund_badplayer, uniq_robin
D:5:      evilmike_ruin_ashenzari, uniq_ijyb, uniq_blork_the_orc
D:6:      basic_altar, grunt_qazlal_sundering
D:7:      kennysheep_mini_moat, bloody_makhleb, hangedman_decor_lopped,
          the_bakery, bloody_trog
D:8:      old_standard_altar, serial_bayou_lagoon_b
Temple:   dpeg_five_rooms_temple

Table legend:
 A = Turns spent in this place as a percentage of turns spent in the entire game.
 B = Non-inter-level travel turns spent in this place as a percentage of non-inter-level travel turns spent in the entire game.
 C = Inter-level travel turns spent in this place as a percentage of turns spent in this place.
 D = Turns resting spent in this place as a percentage of non-inter-level travel turns spent in this place.
 E = Turns spent auto-exploring this place as a percentage of non-inter-level travel turns spent in this place.
 F = Non-inter-level travel turns spent in this place divided by the number of levels of this place that you've seen.
                   A       B       C       D       E      F
               +-------+-------+-------+-------+-------+----------------------
         Total | 100.0 | 100.0 |   1.2 |   2.0 |  11.2 | 206.0
       Dungeon |  98.9 |  99.0 |   1.2 |   2.0 |  11.1 | 229.4
        Temple |   1.1 |   1.0 |   5.0 |   0.0 |  26.3 |  19.0
               +-------+-------+-------+-------+-------+----------------------

Table legend:
 A = Kills in this place as a percentage of kills in entire the game.
 B = Kills by you in this place as a percentage of kills by you in the entire game.
 C = Kills by friends in this place as a percentage of kills by friends in the entire game.
 D = Other kills in this place as a percentage of other kills in the entire game.
 E = Experience gained in this place as a percentage of experience gained in the entire game.
 F = Experience gained in this place divided by the number of levels of this place that you have seen.
                   A       B       C       D       E      F
               +-------+-------+-------+-------+-------+----------------------
         Total | 100.0 | 100.0 |  -nan |  -nan | 100.0 | 610.2
       Dungeon | 100.0 | 100.0 |  -nan |  -nan | 100.0 | 686.5
               +-------+-------+-------+-------+-------+----------------------
